 Dungeon Crawl Stone Soup version 0.27.0-1-g7a089689b8 (webtiles) character file.

Game seed: 9024138481157113065

69922 ZombieSheep the Peltast (level 14, -7/127 HPs)
             Began as a Minotaur Monk on Aug 5, 2021.
             Was the Champion of the Shining One.
             Mangled by an ettin (10 damage)
             ... on level 13 of the Dungeon.
             The game lasted 00:53:07 (25763 turns).

ZombieSheep the Peltast (Minotaur Monk)            Turns: 25763, Time: 00:53:07

Health: -7/127     AC: 29    Str: 20    XL:     14   Next: 92%
Magic:  20/20      EV: 12    Int:  7    God:    the Shining One [******]
Gold:   916        SH:  9    Dex: 14    Spells: 13/13 levels left

rFire    + . .     SeeInvis .   a - +2 falchion (freeze)
rCold    . . .     Faith    .   w - +1 buckler {rPois}
rNeg     + + +     Spirit   .   I - +0 plate armour
rPois    +         Reflect  .   J - +2 hat
rElec    .         Harm     .   i - +1 cloak {rCorr}
rCorr    +         Rampage  .   x - +2 pair of gloves
Will     +....                  N - +0 pair of boots
Stlth    ..........             (no amulet)
HPRegen  0.31/turn              m - +4 ring of protection
MPRegen  0.17/turn              H - ring of protection from fire

@: about to teleport, spiked, glowing, studying Dodging
A: horns 2, retaliatory headbutt, no potion heal 1
a: Renounce Religion, Divine Shield, Cleansing Flame, Summon Divine Warrior,
Brand Weapon With Holy Wrath


You were on level 13 of the Dungeon.
You worshipped the Shining One.
The Shining One was exalted by your worship.
You visited 2 branches of the dungeon, and saw 19 of its levels.

You collected 1205 gold pieces.
You spent 289 gold pieces at shops.

Inventory:

Hand Weapons
 a - a +2 falchion of freezing (weapon)
 b - a +4 short sword of protection
 k - a +1 falchion of electrocution
 o - a +6 short sword
 p - a +0 long sword
 K - the +6 great sword "Xirydgh" {vorpal, rF- rC+ Int+8}
   (You acquired it on level 10 of the Dungeon)

   It inflicts extra damage upon your enemies.
   Int:       It affects your intelligence (+8).
   rF:        It makes you vulnerable to fire.
   rC:        It protects you from cold.
 U - a +2 great sword of freezing
Missiles
 v - a throwing net (quivered)
Armour
 i - a +1 cloak of preservation (worn)
 w - a +1 buckler of poison resistance (worn)
 x - a +2 pair of gloves (worn)
 E - a +0 kite shield
 I - a +0 plate armour (worn)
 J - a +2 hat (worn)
 N - a +0 pair of boots (worn)
Jewellery
 m - a +4 ring of protection (left hand)
 u - a ring of magical power
 D - an amulet of magic regeneration
 H - a ring of protection from fire (right hand)
 O - a ring of poison resistance
 T - the ring of Wistabim {Fire Int+2}
   (You found it on level 6 of the Lair of Beasts)

   [ring of fire]

   It enhances your fire magic.
   Int:       It affects your intelligence (+2).
   rF:        It protects you from fire.
   rC:        It makes you vulnerable to cold.
Wands
 d - a wand of flame (60)
 r - a wand of digging (4)
 t - a wand of paralysis (17)
 z - a wand of iceblast (17)
 B - a wand of acid (40)
 C - a wand of polymorph (17)
 F - a wand of mindburst (21)
 M - a wand of charming (9)
Scrolls
 g - 3 scrolls of amnesia
 q - 2 scrolls of holy word
 y - 2 scrolls of summoning
 A - a scroll of blinking
 P - 3 scrolls of fear
 Q - 5 scrolls of identify
 R - a scroll of enchant weapon
Potions
 c - 8 potions of curing
 e - 3 potions of lignification
 f - 4 potions of might
 h - a potion of berserk rage
 j - a potion of flight
 l - 7 potions of heal wounds
 n - 2 potions of mutation
 s - a potion of ambrosia
 G - 2 potions of haste
 L - a potion of magic
 W - a potion of resistance


   Skills:
 + Level 12.9 Fighting
 - Level 2.0(7.8) Short Blades
 + Level 12.6(12.7) Long Blades
 + Level 12.4 Armour
 + Level 14.6 Dodging
 - Level 1.5 Stealth
 - Level 15.0 Shields
 + Level 10.5 Invocations


You had 13 spell levels left.
You didn't know any spells.
Your spell library contained the following spells:

 Spells                   Type           Power      Damage    Failure   Level
 Beastly Appendage        Tmut           0%         N/A       100%        1
 Summon Small Mammal      Summ           0%         N/A       100%        1
 Static Discharge         Conj/Air       0%         N/A       100%        2
 Wereblood                Tmut           0%         N/A       100%        2
 Call Canine Familiar     Summ           0%         N/A       100%        3
 Inner Flame              Hex/Fire       0%         N/A       100%        3
 Portal Projectile        Hex/Tloc       0%         N/A       100%        3
 Spider Form              Tmut/Pois      0%         N/A       100%        3
 Stone Arrow              Conj/Erth      0%         3d7       100%        3
 Summon Guardian Golem    Hex/Summ       0%         N/A       100%        3
 Animate Armour           Summ/Erth      0%         N/A       100%        4
 Cause Fear               Hex            0%         N/A       100%        4
 Passage of Golubria      Tloc           N/A        N/A       100%        4
 Blade Hands              Tmut           0%         N/A       100%        5
 Excruciating Wounds      Necr           0%         N/A       100%        5
 Lightning Bolt           Conj/Air       0%         1d11      100%        5
 Silence                  Hex/Air        0%         N/A       100%        5
 Summon Forest            Summ/Tloc      0%         N/A       100%        5
 Eringya's Noxious Bog    Tmut/Pois      0%         N/A       100%        6
 Summon Hydra             Summ           0%         N/A       100%        7
 Discord                  Hex            0%         N/A       100%        8
 Lehudib's Crystal Spear  Conj/Erth      0%         10d2      100%        8
 Maxwell's Capacitive Co  Air            0%         ∞         100%        8


Dungeon Overview and Level Annotations

Branches:
Dungeon (13/15)            Temple (0/1) D:7            Lair (6/6) D:11
 Shoals (0/4) Lair:3       Spider (0/4) Lair:3        Slime (0/5) Lair:5
    Orc (0/2) D:12
 Vaults: D:13-14

Altars:
Cheibriados
Fedhas
Kikubaaqudgha
Nemelex Xobeh
Okawaru
Ru
Sif Muna
Vehumet
Xom
The Shining One
Jiyva

Shops:
D:4 ?   D:6 (!   D:9 [

Annotations:
D:3 1 runed translucent door, GnoME's ghost, weakling GnDe
D:4 3 runed translucent doors, Dazliare's ghost, amateur DjWn
D:5 2 runed translucent doors
Lair:3 exclusion: oklob plant
Lair:4 3 runed translucent doors, Aricsoirch's ghost, journeyman GrFi; Fiha's ghost, journeyman VSTm; bande's ghost, journeyman GrFi
Lair:5 exclusion: oklob plant


Innate Abilities, Weirdness & Mutations

You have a pair of horns on your head.
You reflexively headbutt those who attack you in melee.
Potions are less effective at restoring your health.


Message History

The ettin hits you with a +0 dire flail!
You hit the two-headed ogre but do no damage.
The two-headed ogre is almost dead.
You hit the two-headed ogre. You freeze the two-headed ogre.
You headbutt the two-headed ogre.
You kill the two-headed ogre!
The ettin hits you with a +0 dire flail!
You block the ettin's attack.
You hit the ettin. You freeze the ettin.
The ettin is moderately wounded.
You hit the ettin but do no damage.
You headbutt the ettin, but do no damage.
The ettin is moderately wounded.
The manticore flicks its tail.
The volley of spikes hits you.
The barbed spikes become lodged in your body.
The ettin hits you with a +0 dire flail!
* * * LOW HITPOINT WARNING * * *
The ettin barely misses you.
You hit the ettin but do no damage.
The ettin is moderately wounded.
The manticore flicks its tail.
The volley of spikes hits you but does no damage.
You block the ettin's attack. The ettin barely misses you.
As you read the scroll of teleportation, it crumbles to dust.
You feel strangely unstable. You block the ettin's attack.
The ettin hits you with a +0 dire flail!!
* * * LOW HITPOINT WARNING * * *
The manticore flicks its tail.
The volley of spikes hits you!
The barbed spikes become lodged in your body.
* * * LOW HITPOINT WARNING * * *
You hit the ettin. You freeze the ettin. You headbutt the ettin.
The ettin is moderately wounded.
You hit the ettin but do no damage.
The ettin is moderately wounded.
The manticore flicks its tail.
The volley of spikes hits you but does no damage.
The ettin hits you with a +0 dire flail!
You die...

#...#.##
#.............
##...##
#.........(...
#.#...##
#.............
#...#...##
#.............
#...###...##
#............. ....#
##...##
#............. ...#
##...###.............
...
##...##.............
..
##@.##.............
##C).##.............
##.H.###.............
#...## #.............
#...## #.............
#...## #.............
#...# #.............
#...# #.............
#...# ##############


You could see an ettin and a manticore.

Vanquished Creatures
  A dire elephant (Lair:6)
  A boulder beetle (Lair:5)
  3 two-headed ogres
  10 hydras
  A centaur warrior (D:12)
  15 death yaks
  Urug (Lair:3)
  Sonja (D:10)
  Pikel (D:5)
  4 centaur zombies
  2 cyclopes
  A manticore (D:12)
  A dire elephant zombie (Lair:6)
  9 elephants
  8 black mambas
  5 torpor snails
  18 cane toads
  A gargoyle (D:12)
  An unseen horror (D:12)
  8 rime drakes
  10 komodo dragons
  4 kobold demonologists
  A tengu conjurer (D:13)
  2 trolls
  5 polar bears
  3 hornets
  A meliai zombie (D:11)
  9 slime creatures
  A shadow (D:11)
  73 yaks
  4 basilisks
  9 wyverns
  3 wraiths
  3 vampire mosquitoes (D:10)
  13 water moccasins
  An orc warrior (D:12)
  An ice beast (D:6)
  3 sky beasts
  9 black bears
  An ogre (D:7)
  9 centaurs
  28 wolves
  5 kobold brigands
  8 bullfrogs
  20 killer bees
  An electric eel (Lair:2)
  12 wights
  A bullfrog zombie (D:6)
  Crazy Yiuf (D:2)
  A bullfrog skeleton (D:6)
  2 gnoll shamans (D:4)
  An orc priest (D:8)
  10 orc wizards
  A hound skeleton (D:5)
  Robin (D:2)
  A howler monkey zombie (D:8)
  11 gnolls
  A howler monkey skeleton (D:7)
  2 adders (D:2)
  An ufetubus (D:5)
  An adder skeleton (D:4)
  2 worms
  A dart slug (D:3)
  45 orcs
  A bat (D:3)
  6 endoplasms
  5 giant cockroaches
  13 goblins
  14 hobgoblins
  10 jackals
  4 quokkas
  6 ball pythons
  2 frilled lizards
  10 kobolds
  11 rats
496 creatures vanquished.

Vanquished Creatures (collateral kills)
  Rupert (Lair:4)
  A death knight (D:11)
  4 dream sheep (Lair:4)
  A yak (Lair:5)
  A basilisk (Lair:5)
8 creatures vanquished.

Vanquished Creatures (others)
  53 fungi
  93 plants
  15 withered plants
161 creatures vanquished.

Grand Total: 665 creatures vanquished

Notes
Turn   | Place    | Note
-------+----------+-------------------------------------------
     0 | D:1      | ZombieSheep the Minotaur Monk began the quest for the Orb.
     0 | D:1      | Reached XP level 1. HP: 19/19 MP: 0/0
   514 | D:1      | Reached XP level 2. HP: 27/27 MP: 1/1
   593 | D:1      | Reached skill level 1 in Armour
   735 | D:2      | Found a faded altar of an unknown god.
   766 | D:2      | Became a worshipper of the Shining One
   766 | D:2      | Reached * piety under the Shining One
   766 | D:2      | Reached ** piety under the Shining One
   855 | D:2      | Found a runed translucent door.
   856 | D:2      | Noticed Crazy Yiuf
  1047 | D:2      | Reached XP level 3. HP: 33/33 MP: 2/2
  1085 | D:2      | Reached *** piety under the Shining One
  1621 | D:2      | Noticed Robin
  1649 | D:2      | Reached XP level 4. HP: 39/40 MP: 3/3
  1653 | D:2      | Killed Robin
  1654 | D:2      | Reached skill level 1 in Invocations
  2051 | D:2      | Killed Crazy Yiuf
  2393 | D:3      | Reached XP level 5. HP: 33/47 MP: 5/5
  2742 | D:3      | Found a runed translucent door.
  2749 | D:3      | Noticed GnoME's ghost (weakling GnDe)
  2892 | D:3      | Found an ancient bone altar of Kikubaaqudgha.
  2954 | D:3      | Found a radiant altar of Vehumet.
  3164 | D:3      | Found a shimmering blue altar of Sif Muna.
  3364 | D:4      | Noticed a sky beast
  3371 | D:4      | Killed a sky beast
  3372 | D:4      | Reached skill level 5 in Fighting
  3372 | D:4      | Reached skill level 5 in Long Blades
  3372 | D:4      | Reached XP level 6. HP: 49/56 MP: 6/6
  3454 | D:4      | Noticed a wyvern
  3461 | D:4      | Killed a wyvern
  3543 | D:4      | Reached XP level 7. HP: 55/61 MP: 8/8
  3557 | D:4      | Reached skill level 5 in Dodging
  3674 | D:4      | Found a runed translucent gate.
  3674 | D:4      | Found a runed translucent gate.
  3674 | D:4      | Found a runed translucent gate.
  3678 | D:4      | Noticed Dazliare's ghost (amateur DjWn)
  3847 | D:4      | Found Amipsal's Magic Scroll Emporium.
  3855 | D:4      | Bought a scroll of holy word for 97 gold pieces
  3908 | D:4      | Found a shimmering altar of Xom.
  3928 | D:4      | Reached **** piety under the Shining One
  3936 | D:5      | Entered Level 5 of the Dungeon
  4433 | D:5      | Noticed Pikel
  4446 | D:5      | Killed Pikel
  4447 | D:5      | Reached skill level 5 in Armour
  4447 | D:5      | Reached XP level 8. HP: 71/71 MP: 9/9
  4591 | D:5      | Found a large runed translucent door.
  4591 | D:5      | Found a large runed translucent door.
  6030 | D:6      | Found Rulith's Antique Weapon Shoppe.
  6046 | D:6      | Found Gyir's Distillery.
  6133 | D:6      | Reached XP level 9. HP: 76/79 MP: 11/11
  6243 | D:6      | Reached skill level 5 in Invocations
  6871 | D:7      | Reached ***** piety under the Shining One
  7350 | D:7      | Found a staircase to the Ecumenical Temple.
  7729 | D:7      | Identified a scroll of acquirement
  7729 | D:7      | Acquired a manual of Dodging
  7779 | D:8      | Reached XP level 10. HP: 84/90 MP: 13/13
  7819 | D:8      | Found an iron altar of Okawaru.
  8286 | D:8      | Found a sparkling altar of Nemelex Xobeh.
  8485 | D:8      | Found a sacrificial altar of Ru.
  8488 | D:8      | Found a snail-covered altar of Cheibriados.
  9345 | D:9      | Paralysed by a hornet for 1 turns
  9513 | D:9      | Found Forof's Armour Shoppe.
  9519 | D:9      | Bought a +2 hat for 192 gold pieces
  9820 | D:10     | Entered Level 10 of the Dungeon
  9916 | D:10     | Acquired the +6 great sword "Xirydgh" {vorpal, rF- rC+
                  | Int+8}
  9938 | D:10     | Found the +6 lightning scales {swift, rElec}
 10177 | D:10     | Noticed Sonja
 10182 | D:10     | Killed Sonja
 10404 | D:10     | Reached skill level 10 in Dodging
 10738 | D:10     | Reached XP level 11. HP: 78/99 MP: 15/15
 10924 | D:11     | Noticed a death knight
 10933 | D:11     | Killed a death knight
 11018 | D:11     | Reached skill level 10 in Long Blades
 11021 | D:11     | Reached skill level 10 in Fighting
 11075 | D:11     | Noticed a death yak
 11076 | D:11     | Noticed a death yak
 11079 | D:11     | Noticed a death yak
 11083 | D:11     | Noticed a death yak
 11086 | D:11     | Noticed a death yak
 11091 | D:11     | Killed a death yak
 11099 | D:11     | Killed a death yak
 11105 | D:11     | Killed a death yak
 11109 | D:11     | Killed a death yak
 11112 | D:11     | HP: 5/101 [death yak (16)]
 11121 | D:11     | Killed a death yak
 11379 | D:11     | Found a staircase to the Lair.
 11423 | D:11     | Reached skill level 10 in Armour
 11467 | D:11     | Found the +3 Elemental Staff {rElec rF++ rC++ Will++ AC+5}
 11573 | D:11     | Found a snail-covered altar of Cheibriados.
 11574 | D:11     | Noticed a two-headed ogre
 11587 | D:11     | Killed a two-headed ogre
 11883 | D:11     | Noticed a two-headed ogre
 11892 | D:11     | Killed a two-headed ogre
 11893 | D:11     | Reached XP level 12. HP: 80/110 MP: 17/17
 12674 | Lair:1   | Entered Level 1 of the Lair of Beasts
 14045 | Lair:2   | Noticed a six-headed hydra
 14073 | Lair:2   | Killed a six-headed hydra
 14074 | Lair:2   | Reached skill level 3 in Shields
 14628 | Lair:2   | Reached skill level 4 in Shields
 14987 | Lair:3   | Reached skill level 5 in Shields
 15001 | Lair:3   | Reached skill level 6 in Shields
 15256 | Lair:3   | Reached skill level 7 in Shields
 15280 | Lair:3   | Found a staircase to the Shoals.
 15293 | Lair:3   | Reached ****** piety under the Shining One
 15603 | Lair:3   | Reached skill level 8 in Shields
 15842 | Lair:3   | Noticed Urug
 15858 | Lair:3   | Killed Urug
 15859 | Lair:3   | Reached XP level 13. HP: 100/117 MP: 19/19
 15955 | Lair:3   | Reached skill level 9 in Shields
 16121 | Lair:3   | Identified the +1 robe "Icisial" {Dex+4}
 16360 | Lair:3   | Found a hole to the Spider Nest.
 16688 | Lair:4   | Reached skill level 10 in Shields
 17355 | Lair:4   | Noticed Rupert
 17358 | Lair:4   | You fall into a shaft and drop 2 floors!
 17358 | Lair:6   | Entered Level 6 of the Lair of Beasts
 17550 | Lair:6   | Identified the ring of Wistabim {Fire Int+2}
 17695 | Lair:6   | Reached skill level 11 in Shields
 18048 | Lair:6   | Reached skill level 12 in Shields
 18793 | Lair:6   | Reached skill level 13 in Shields
 19215 | Lair:5   | Reached skill level 14 in Shields
 19541 | Lair:5   | Found a viscous altar of Jiyva.
 19541 | Lair:5   | Found a staircase to the Slime Pits.
 20190 | Lair:5   | Reached XP level 14. HP: 101/125 MP: 20/20
 20198 | Lair:5   | Reached skill level 15 in Shields
 20462 | Lair:5   | Reached skill level 1 in Short Blades
 21060 | Lair:5   | Found a blossoming altar of Fedhas.
 21478 | Lair:4   | Found a runed translucent gate.
 21478 | Lair:4   | Found a runed translucent gate.
 21478 | Lair:4   | Noticed Aricsoirch's ghost (journeyman GrFi)
 21479 | Lair:4   | Found a runed translucent gate.
 21479 | Lair:4   | Noticed bande's ghost (journeyman GrFi)
 21479 | Lair:4   | Noticed Fiha's ghost (journeyman VSTm)
 21479 | Lair:4   | Noticed Aricsoirch's ghost (journeyman GrFi)
 21675 | Lair:4   | Found the +4 skin of Zhor {*Englaciate rC+++ SInv}
 21894 | Lair:4   | Killed Rupert
 22559 | Lair:4   | Reached skill level 10 in Invocations
 22615 | Lair:4   | You fall into a shaft and drop 2 floors!
 25046 | D:12     | Found a staircase to the Orcish Mines.
 25496 | D:13     | Acquired a +1 buckler of poison resistance
 25524 | D:13     | Gained mutation: Potions are less effective at restoring
                  | your health. [a neqoxec]
 25761 | D:13     | HP: 3/127 [manticore/volley of spikes (11)]
 25763 | D:13     | Mangled by an ettin

Illustrated notes

Levels and vault maps discovered:
D:1:      saegor_arrival_simple_e, layout_rooms, interstate_on_off,
          minmay_rat_gold_closets
D:2:      layout_loops_corners, ebering_ecumenical_altar_mist, uniq_robin,
          uniq_crazy_yiuf_cottage
D:3:      layout_basic, palyth_temple_overflow_mages, ebering_ghost_sewer_d
D:4:      layout_rooms, mainiacjoe_overflow_alcove_4, serial_shops, shop,
          gammafunk_ghost_nasty_kobolds, minmay_small_thing
D:5:      layout_loops_corners, jmf_multi_god_temple2, uniq_pikel
D:6:      layout_rooms, serial_shops, shop, shop
D:7:      layout_loops_ring, minmay_temple_entry_ruins
D:8:      layout_basic, okawaru_altar_gauntlet_db, nemelex_spade_bored_becter,
          jmf_multi_god_temple, hangedman_abyss_or_decor_passed
D:9:      layout_cave_pods, serial_shops, kennysheep_little_box
D:10:     layout_loops_corners, uniq_sonja
D:11:     layout_roguey, dpeg_lair_monsters, nrook_uturn, cheibriados_altar_2
D:12:     layout_basic, hiddenorc1_lemuel
D:13:     evilmike_diamond_1, layout_long_grid, corexii_leaking_fountain,
          minmay_misc_feat_diagonals
Lair:1:   beast_lair_carwin_large_3, layout_chaotic_city
Lair:2:   layout_concentric_octagons, infiniplex_staircase_pool
Lair:3:   layout_loops_ring, minmay_shoals_entry_centaurs, dummy_spider_entry,
          chequers_serial_rivers_small_a, beast_lair_carwin_4,
          grunt_megastairs_3, minmay_lair_oklob_chamber, uniq_urug
Lair:4:   layout_cellular_growth, gammafunk_ghost_cemetery,
          hellmonk_guarded_unrand_zhor, uniq_rupert
Lair:5:   layout_roguey, dpeg_slime_entry_enclosed_altar, tgw_fedhas,
          lemuel_fruit_tree, grunt_megastairs_5
Lair:6:   due_jungle_book, layout_loops_ring

Skill      XL: |  1  2  3  4  5  6  7  8  9 10 11 12 13 14 |
---------------+-------------------------------------------+-----
Armour         | 1 2 3 5 6 7 9 10 11 12 | 12.4
Fighting       | 4 5 6 7 8 9 11 12 | 12.9
Long Blades    | 4 5 6 7 8 9 11 12 | 12.6
Invocations    | 1 2 3 4 6 7 8 9 10 | 10.5
Dodging        | 4 5 6 7 10 12 13 14 | 14.6
Shields        | 8 14 15 | 15.0
Short Blades   | 2 |  2.0
Stealth        | |  1.5

Action                   |  1- 3 |  4- 6 |  7- 9 | 10-12 | 13-15 || total
-------------------------+-------+-------+-------+-------+-------++-------
Melee: Falchion          |    87 |    92 |   245 |   665 |   843 ||  1932
       Headbutt          |    16 |    19 |    56 |   163 |   444 ||   698
       Short sword       |       |       |       |     7 |   521 ||   528
Throw: Throwing net      |       |       |       |       |     1 ||     1
Invok: Summon Divine War |       |       |       |     1 |     2 ||     3
Evoke: Wand              |       |       |       |     3 |       ||     3
  Use: Scroll            |     1 |     3 |    12 |     7 |     8 ||    31
       Potion            |       |     1 |     1 |     5 |     5 ||    12
Armor: Robe              |     3 |       |       |       |       ||     3
       Scale mail        |    43 |    13 |       |       |       ||    56
       Chain mail        |       |    22 |   142 |   112 |       ||   276
       Plate armour      |       |       |       |   268 |   713 ||   981
Dodge: Dodged            |    44 |    36 |   149 |   331 |   492 ||  1052
Block: Kite shield       |       |       |       |       |   392 ||   392
       Buckler           |       |       |       |       |    19 ||    19
       Rpst.: Falchion   |    16 |     9 |    33 |    77 |    68 ||   203
